 Dungeon Crawl Stone Soup version 0.30.1-9-gdf580d7c3d (webtiles) character file.

Game seed: 11844229473113470285

30 Anandil the Trooper (level 3, -1/29 HPs)
             Began as a Demonspawn Fighter on Oct 12, 2023.
             Slain by an iguana (9 damage)
             ... on level 2 of the Dungeon.
             The game lasted 00:01:14 (943 turns).

Anandil the Trooper (Demonspawn Fighter)             Turns: 943, Time: 00:01:15

Health: -1/29      AC:  8    Str: 16    XL:     3   Next: 3%
Magic:  3/3        EV:  8    Int:  9    God:
Gold:   35         SH:  5    Dex: 14    Spells: 2/2 levels left

rFire   . . .        a - +0 long sword
rCold   . . .        c - +0 buckler
rNeg    . . .        b - +0 scale mail
rPois   .            (no helmet)
rElec   .            (no cloak)
rCorr   .            (no gloves)
SInv    .            (no boots)
Will    .....        (no amulet) Stlth
                     (no ring)
HPRegen 0.24/turn    (no ring)
MPRegen 0.08/turn

%: no passive effects
@: no status effects
A: thin metallic scales 1
a: no special abilities


You were on level 2 of the Dungeon.
You visited 1 branch of the dungeon, and saw 2 of its levels.

You collected 35 gold pieces.

Inventory:

Hand Weapons
 a - a +0 long sword (weapon)
Armour
 b - a +0 scale mail (worn)
 c - a +0 buckler (worn)
Scrolls
 f - 2 scrolls of fear {unknown}
 h - a scroll of brand weapon {unknown}
 i - a scroll of identify {unknown}
 j - a scroll of magic mapping {unknown}
Potions
 d - 4 potions of might
 e - 2 potions of curing {unknown}
 g - a potion of heal wounds {unknown}


   Skills:
 + Level 3.3 Fighting
 + Level 2.2 Long Blades
 + Level 3.0 Armour
 + Level 3.0 Shields


You had 2 spell levels left.
You didn't know any spells.
Your spell library contained the following spells:

 Spells                   Type           Power      Damage    Failure   Level
 Summon Small Mammal      Summ           0%         N/A       88%         1


Dungeon Overview and Level Annotations

Branches:
Dungeon (2/15)

Altars:
Qazlal

Annotations:
D:2 Jessica


Innate Abilities, Weirdness & Mutations

You are partially covered in thin metallic scales. (AC +2)


Message History

No target in view!
No target in view!
No target in view!
An iguana comes into view.
An iguana is nearby!
The iguana hisses angrily.
A rat comes into view.
Jessica the Apprentice Sorceress comes into view.
She is wielding a +0 club.
The rat moves out of view.
A giant cockroach comes into view.
Found 13 gold pieces.
The iguana closely misses you.
Jessica mumbles some strange words.
Jessica blinks!
You closely miss the iguana. You block the iguana's attack.
You barely miss the iguana.
The giant cockroach bites you but does no damage.
You block the iguana's attack.
Jessica gestures wildly while chanting.
Jessica seems to speed up.
The giant cockroach barely misses you.
The iguana bites you but does no damage.
You barely miss the iguana.
A ball python comes into view.
The giant cockroach bites you but does no damage.
The rat closely misses you. The iguana bites you.
Jessica casts a spell.
Jessica blinks!
Unknown command.
You slash the iguana!
The iguana is heavily wounded.
The giant cockroach bites you.
The iguana bites you but does no damage.
The rat bites you. The giant cockroach barely misses you. The iguana bites you!
* * * LOW HITPOINT WARNING * * *
You block the rat's attack.
You closely miss the giant cockroach. The giant cockroach closely misses you.
Jessica shouts, "You're disturbing me!
I'll have to kill you!" The rat bites you.
* * * LOW HITPOINT WARNING * * *
The iguana bites you!
You die...

.... .... .# ....
... #.#.## .....
... ...... ....@
#...#.#.....
#.....#.#......_..
#.....#S. .......
# ......lr##...?..
.# ###@......# ..
#.B...#...#.#
#.#...#.....#
...#........#
#.###.###.####
.$..........#
#.#.###..##..# #.
...#.. #..# #.#.
##..#


You could see an iguana, Jessica (fast), a giant cockroach, a ball python and a
rat.

Vanquished Creatures
  2 dart slugs
  3 endoplasms
  2 giant cockroaches
  A goblin (D:1)
  A hobgoblin (D:2)
  2 jackals (D:1)
  3 kobolds (D:1)
  3 ball pythons
  5 bats
  2 frilled lizards (D:1)
  2 rats (D:1)
26 creatures vanquished.

Notes
Turn   | Place    | Note
-------+----------+-------------------------------------------
     0 | D:1      | Anandil the Demonspawn Fighter began the quest for the Orb.
     0 | D:1      | Reached XP level 1. HP: 18/18 MP: 1/1
   344 | D:1      | Gained mutation: You are partially covered in thin metallic
                  | scales. (AC +2) [demonic ancestry]
   344 | D:1      | Reached XP level 2. HP: 24/24 MP: 2/2
   464 | D:1      | Found a faded altar of an unknown god.
   469 | D:1      | Got Plato's Opusculum on Companions
   875 | D:2      | Reached XP level 3. HP: 29/29 MP: 3/3
   930 | D:2      | Found a stormy altar of Qazlal.
   937 | D:2      | Noticed Jessica
   943 | D:2      | Slain by an iguana

Illustrated notes

Levels and vault maps discovered:
D:1:      dpeg_arrival_round_b, layout_loops_ring,
          shapermc_ecumenical_altar_rom_forum
D:2:      layout_basic, basic_altar, minmay_misc_feat_roman, uniq_jessica

Skill      XL: |  1  2 |
---------------+-------+-----
Long Blades    | 2 |  2.2
Armour         | 3 |  3.0
Shields        | 3 |  3.0
Fighting       | |  3.3

Action                     || total
---------------------------++-------
  Melee: Long sword        ||    78
 Armour: Scale mail        ||    56
  Dodge: Dodged            ||    38
  Block: Buckler           ||    18
